Flames vs Jets

Created - April-29-14 at 18:06

Goals
1 2 3 T
Flames 0 3 0 3
Jets 3 1 0 4
Shots
1 2 3 T
Flames 7 14 17 38
Jets 12 8 7 27

1st period

1. Jets , Pascal Dupuis 5 (Jason Garrison, Jamie Benn) at 7:08 (PP)
2. Jets , Jonathan Ericsson 2 (Matt Read, Nicklas Grossmann) at 17:56
3. Jets , Pascal Dupuis 6 (Jaromir Jagr, Kimmo Timonen) at 18:12

Penalties :
Ron Hainsey (WPG) for High sticking (Minor) at 1:36, Nicklas Grossmann (WPG) for Hooking (Minor) at 3:43, Tomas Kopecky (CGY) for Cross-checking (Minor) at 5:54, Anze Kopitar (CGY) for Hooking (Minor) at 8:20, Jonathan Ericsson (WPG) for Holding (Minor) at 10:51

2nd period

4. Flames , Toni Lydman 3 (Michael Ryder, Ryan Kesler) at 7:18 (PP)
5. Flames , Michael Ryder 7 (Jack Johnson, Ryan Kesler) at 11:48
6. Flames , Michael Grabner 4 (Ryan Kesler, Ladislav Smid) at 12:00
7. Jets , Pascal Dupuis 7 (Jamie Benn, Ron Hainsey) at 13:58 (PP)

Penalties :
Matt Read (WPG) for Hooking (Minor) at 6:29, Ladislav Smid (CGY) for Hooking (Minor) at 13:20

3rd period

No Goal

Penalties :
Pascal Dupuis (WPG) for Boarding (Double Minor) at 2:38, Mike Cammalleri (CGY) for Hooking (Minor) at 11:22, Troy Brouwer (WPG) for Delaying the game (Minor) at 11:42, Nicklas Grossmann (WPG) for Tripping (Minor) at 16:09

Goalie Stats

Jonathan Quick (CGY), 23 saves from 27 shots - (0.852), L, 9-3-1, 60:00 minutes
Cory Schneider (WPG), 35 saves from 38 shots - (0.921), W, 9-2-1, 60:00 minutes

Players Stats for Flames

Player Name              G  A  P  +/- PIM S  H  SB GA TA FO     MP     PP MP  PK MP  
------------------------------------------------------------------------------------
Andrew MacDonald         0  0  0  -1  0   5  0  1  0  0  0/0    27:00   6:37   2:20 
Anze Kopitar             0  0  0  -1  2   3  1  0  0  0  12/27  19:39   6:09   0:00 
Bryce Salvador           0  0  0  -1  0   0  1  1  0  0  0/0    20:35   0:00   2:20 
Dustin Brown             0  0  0  -1  0   3  4  0  0  0  1/1    22:00   6:09   2:20 
Erik Johnson             0  0  0   0  0   3  1  0  0  0  0/0    16:52   6:27   0:00 
Jack Johnson             0  1  1   1  0   2  0  2  0  0  0/0    22:33   6:37   1:51 
Jeff Skinner             0  0  0  -1  0   1  0  0  0  0  0/2    19:18   5:47   0:51 
Ladislav Smid            0  1  1   1  2   2  2  1  0  0  0/0    16:07   0:00   1:51 
Michael Grabner          1  0  1   1  0   5  0  0  0  0  0/1    21:00   6:55   1:37 
Michael Ryder            1  1  2   1  0   5  3  0  0  0  0/1    20:11   6:55   0:00 
Mike Cammalleri          0  0  0   0  2   1  2  0  0  0  3/7     7:32   0:00   0:00 
Pierre-Marc Bouchard     0  0  0   0  0   1  1  0  0  0  0/0     8:25   0:00   0:00 
Radek Dvorak             0  0  0   0  0   0  1  0  0  0  1/2     7:33   0:00   0:00 
Ryan Kesler              0  3  3   1  0   3  1  0  0  0  20/36  20:11   6:55   0:00 
Sam Gagner               0  0  0   0  0   1  0  0  0  0  0/0     7:55   0:22   0:00 
Shawn Horcoff            0  0  0   0  0   0  1  0  0  0  8/16   10:16   0:00   1:51 
Tomas Kopecky            0  0  0   0  2   2  0  0  0  0  0/1    10:07   0:00   1:43 
Toni Lydman              1  0  1   0  0   1  1  0  0  0  0/0    16:52   6:27   0:00 

Players Stats for Jets

Player Name              G  A  P  +/- PIM S  H  SB GA TA FO     MP     PP MP  PK MP  
------------------------------------------------------------------------------------
Boyd Gordon              0  0  0  -1  0   0  0  0  0  0  10/21  11:04   0:00   7:32 
David Schlemko           0  0  0   0  0   0  3  0  0  0  0/0     5:09   0:00   1:04 
Henrik Sedin             0  0  0   0  0   2  0  0  0  0  14/28  19:41   2:01   0:29 
Jamie Benn               0  2  2   1  0   2  2  0  0  0  13/26  18:12   2:10   1:26 
Jaromir Jagr             0  1  1   1  0   3  0  0  0  0  2/2    16:46   2:10   0:00 
Jason Garrison           0  1  1  -2  0   2  4  1  0  0  0/0    23:53   2:25   6:47 
Joe Pavelski             0  0  0   0  0   0  0  0  0  0  10/17  12:37   0:00   3:37 
Jonathan Ericsson        1  0  1   1  2   2  1  1  0  0  0/0    15:00   0:00   5:41 
Kimmo Timonen            0  1  1   1  0   1  3  3  0  0  0/0    26:44   1:46   6:14 
Matt Cooke               0  0  0  -1  0   0  2  0  0  0  0/0    11:02   0:00   7:30 
Matt Cullen              0  0  0   0  0   1  0  0  0  0  0/0    11:34   0:00   4:08 
Matt Read                0  1  1  -1  2   1  3  0  0  0  0/0    10:26   0:00   0:00 
Nicklas Grossmann        0  1  1   1  4   0  1  0  0  0  0/0     5:13   0:00   0:00 
Pascal Dupuis            3  0  3   1  4   6  0  0  0  0  0/0    17:35   2:10   1:26 
Patrick Sharp            0  0  0   0  0   3  0  0  0  0  0/0    18:09   2:01   0:00 
Raphael Diaz             0  0  0   1  0   0  1  3  0  0  0/0    21:51   1:46   1:21 
Ron Hainsey              0  1  1  -2  2   0  1  2  0  0  0/0    22:06   2:25   5:01 
Troy Brouwer             0  0  0   0  2   4  5  1  0  0  0/0    18:08   2:00   0:00 

3 Stars

1 - Pascal Dupuis (WPG)
2 - Michael Ryder (CGY)
3 - Ryan Kesler (CGY)

Power Play

Flames - 1 on 8 Attempt(s) - 12.50%
Jets - 2 on 4 Attempt(s) - 50.00%

Penalty Kill

Flames - 2 on 4 Attempt(s) - 50.00% - Score 0 goal in Penalty Kill
Jets - 7 on 8 Attempt(s) - 87.50% - Score 0 goal in Penalty Kill

Official

Referees : Gord Dwyer and Don VanMassenhoven
Linesman : Mike Cvik and Brad Lazarowich

Game Notes

Pascal Dupuis has scored a Hat Trick!

Finance

Level 1 -- Attendance: 6000 (100.00%) -- Ticket Income $600,000
Level 2 -- Attendance: 5000 (100.00%) -- Ticket Income $390,000
Level 3 -- Attendance: 2200 (100.00%) -- Ticket Income $158,400
Level 4 -- Attendance: 1015 (100.00%) -- Ticket Income $66,990
Luxury Box -- Attendance: 800 (100.00%) -- Ticket Income $200,000
Game was played at the MTS Center
Total Attendance: 15015 (100.00%)
Total Ticket Income: $1,415,390
Other Income: $212,308
Total Income: $1,627,698


% Time on Ice - Flames

Lines # - Real PCT - Wanted PCT - Time Play
Normal Forward
1 - 31% - 30% - 12:40
2 - 30% - 30% - 12:28
3 - 18% - 20% - 7:33
4 - 20% - 20% - 8:25
Normal Defense
1 - 28% - 30% - 11:26
2 - 33% - 30% - 13:29
3 - 25% - 20% - 10:25
4 - 14% - 20% - 5:46
PP Forward
1 - 47% - 50% - 6:09
2 - 53% - 50% - 6:55
PP Defense
1 - 51% - 50% - 6:37
2 - 49% - 50% - 6:27
PK Forward
1 - 56% - 50% - 2:20
2 - 44% - 50% - 1:51
PK Defense
1 - 56% - 50% - 2:20
2 - 44% - 50% - 1:51
PK3 Forward
1 - 0% - 60%
2 - 0% - 40%
PK3 Defense
1 - 0% - 50%
2 - 0% - 50%
44 Forward
1 - 52% - 50% - 0:51
2 - 48% - 50% - 0:48
44 Defense
1 - 52% - 50% - 0:51
2 - 48% - 50% - 0:48
Last Minute Offensive  - 0:00
Last Minute Defensive  - 0:00
Total
Forward - 60:00
Defense - 60:00

% Time on Ice - Jets

Lines # - Real PCT - Wanted PCT - Time Play
Normal Forward
1 - 40% - 37% - 16:08
2 - 34% - 32% - 14:00
3 - 18% - 20% - 7:26
4 - 7% - 11% - 3:01
Normal Defense
1 - 44% - 43% - 17:45
2 - 35% - 34% - 14:01
3 - 13% - 13% - 5:15
4 - 9% - 10% - 3:34
PP Forward
1 - 48% - 60% - 2:01
2 - 52% - 40% - 2:10
PP Defense
1 - 42% - 70% - 1:46
2 - 58% - 30% - 2:25
PK Forward
1 - 89% - 75% - 11:38
2 - 11% - 25% - 1:26
PK Defense
1 - 52% - 60% - 6:50
2 - 48% - 40% - 6:14
PK3 Forward
1 - 0% - 70%
2 - 0% - 30%
PK3 Defense
1 - 0% - 60%
2 - 0% - 40%
44 Forward
1 - 64% - 51% - 1:03
2 - 36% - 49% - 0:36
44 Defense
1 - 60% - 51% - 0:59
2 - 40% - 49% - 0:40
Last Minute Offensive  - 0:00
Last Minute Defensive  - 0:31
Total
Forward - 60:00
Defense - 60:00

Play by Play

1st period


0:01 of 1st period - Anze Kopitar wins face-off versus Henrik Sedin in neutral zone.
0:16 of 1st period - Shot by Henrik Sedin.
0:16 of 1st period - Shot Misses the Net.
0:44 of 1st period - Shot by Troy Brouwer.
0:44 of 1st period - Deflect By Patrick Sharp.
0:44 of 1st period - Shot Blocked by Andrew MacDonald.
1:04 of 1st period - Shot by Ladislav Smid.
1:04 of 1st period - Shot Misses the Net.
1:06 of 1st period - Shot by Michael Ryder.
1:06 of 1st period - Stopped by Cory Schneider without a rebound.
1:07 of 1st period - Joe Pavelski wins face-off versus Mike Cammalleri in Jets zone.
1:09 of 1st period - Jonathan Ericsson is hit by Erik Johnson.
1:17 of 1st period - Shot by Mike Cammalleri.
1:17 of 1st period - Deflect By Sam Gagner.
1:17 of 1st period - Stopped by Cory Schneider without a rebound.
1:18 of 1st period - Shawn Horcoff wins face-off versus Jamie Benn in Jets zone.
1:18 of 1st period - Shawn Horcoff is hit by Jason Garrison.
1:29 of 1st period - Pierre-Marc Bouchard is hit by Jason Garrison and loses puck.
1:35 of 1st period - Pierre-Marc Bouchard is hit by Ron Hainsey and loses puck.
1:36 of 1st period - Minor Penalty to Ron Hainsey for High sticking.
1:37 of 1st period - Boyd Gordon wins face-off versus Ryan Kesler in Jets zone.
1:50 of 1st period - Shot by Michael Grabner.
1:50 of 1st period - Shot Misses the Net.
1:52 of 1st period - Shot by Erik Johnson.
1:52 of 1st period - Stopped by Cory Schneider with a rebound.
3:43 of 1st period - Minor Penalty to Nicklas Grossmann for Hooking.
3:44 of 1st period - Boyd Gordon wins face-off versus Ryan Kesler in Jets zone.
4:10 of 1st period - Off-side.
4:11 of 1st period - Boyd Gordon wins face-off versus Anze Kopitar in neutral zone.
4:41 of 1st period - Anze Kopitar is hit by Kimmo Timonen and loses puck.
5:54 of 1st period - Minor Penalty to Tomas Kopecky for Cross-checking.
5:55 of 1st period - Henrik Sedin wins face-off versus Michael Grabner in Flames zone.
5:56 of 1st period - Shot by Patrick Sharp.
5:56 of 1st period - Stopped by Jonathan Quick without a rebound.
5:57 of 1st period - Shawn Horcoff wins face-off versus Henrik Sedin in Flames zone.
5:57 of 1st period - Shawn Horcoff is hit by Troy Brouwer.
6:38 of 1st period - Off-side.
6:39 of 1st period - Jamie Benn wins face-off versus Jeff Skinner in neutral zone.
6:54 of 1st period - Shot by Jaromir Jagr.
6:54 of 1st period - Shot Misses the Net.
6:56 of 1st period - Shot by Pascal Dupuis.
6:56 of 1st period - Shot Misses the Net.
6:58 of 1st period - Shot by Jason Garrison.
6:58 of 1st period - Shot Misses the Net.
7:00 of 1st period - Shot by Ron Hainsey.
7:00 of 1st period - Shot Blocked by Ladislav Smid.
7:02 of 1st period - Shot by Jason Garrison.
7:02 of 1st period - Shot Misses the Net.
7:04 of 1st period - Shot by Jamie Benn.
7:04 of 1st period - Stopped by Jonathan Quick with a rebound.
7:06 of 1st period - Shot by Jason Garrison.
7:06 of 1st period - Shot Blocked by Jack Johnson.
7:08 of 1st period - Shot by Pascal Dupuis.
7:08 of 1st period - Goal by Pascal Dupuis - Flames : 0 - Jets : 1.
7:09 of 1st period - Radek Dvorak wins face-off versus Joe Pavelski in neutral zone.
7:09 of 1st period - Radek Dvorak is hit by Matt Read.
7:20 of 1st period - Icing by Jonathan Ericsson.
7:21 of 1st period - Ryan Kesler wins face-off versus Joe Pavelski in Jets zone.
7:34 of 1st period - Shot by Michael Ryder.
7:34 of 1st period - Shot Misses the Net.
8:20 of 1st period - Minor Penalty to Anze Kopitar for Hooking.
8:21 of 1st period - Jamie Benn wins face-off versus Tomas Kopecky in Flames zone.
10:02 of 1st period - Shot by Troy Brouwer.
10:02 of 1st period - Shot Misses the Net.
10:29 of 1st period - Sam Gagner is hit by David Schlemko and loses puck.
10:33 of 1st period - Radek Dvorak is hit by Jonathan Ericsson and loses puck.
10:50 of 1st period - Shot by Erik Johnson.
10:50 of 1st period - Shot Misses the Net.
10:51 of 1st period - Minor Penalty to Jonathan Ericsson for Holding.
10:52 of 1st period - Anze Kopitar wins face-off versus Boyd Gordon in Jets zone.
10:53 of 1st period - Shot by Jack Johnson.
10:53 of 1st period - Stopped by Cory Schneider without a rebound.
10:54 of 1st period - Anze Kopitar wins face-off versus Boyd Gordon in Jets zone.
12:03 of 1st period - Shot by Michael Ryder.
12:03 of 1st period - Shot Misses the Net.
12:57 of 1st period - Shot by Tomas Kopecky.
12:57 of 1st period - Stopped by Cory Schneider without a rebound.
12:58 of 1st period - Shawn Horcoff wins face-off versus Henrik Sedin in Jets zone.
13:02 of 1st period - Pierre-Marc Bouchard is hit by Raphael Diaz.
13:31 of 1st period - Shot by Patrick Sharp.
13:31 of 1st period - Shot Misses the Net.
14:14 of 1st period - David Schlemko is hit by Anze Kopitar and loses puck.
14:21 of 1st period - Shot by Jaromir Jagr.
14:21 of 1st period - Stopped by Jonathan Quick without a rebound.
14:22 of 1st period - Joe Pavelski wins face-off versus Ryan Kesler in Flames zone.
14:29 of 1st period - Shot by Matt Cullen.
14:29 of 1st period - Stopped by Jonathan Quick without a rebound.
14:30 of 1st period - Ryan Kesler wins face-off versus Joe Pavelski in Flames zone.
14:30 of 1st period - Ryan Kesler is hit by Matt Read.
14:49 of 1st period - Icing by Jason Garrison.
14:50 of 1st period - Anze Kopitar wins face-off versus Joe Pavelski in Jets zone.
15:01 of 1st period - Icing by Jack Johnson.
15:02 of 1st period - Jamie Benn wins face-off versus Anze Kopitar in Flames zone.
15:25 of 1st period - Shot by Jaromir Jagr.
15:25 of 1st period - Stopped by Jonathan Quick without a rebound.
15:26 of 1st period - Henrik Sedin wins face-off versus Ryan Kesler in Flames zone.
15:37 of 1st period - Shot by Patrick Sharp.
15:37 of 1st period - Stopped by Jonathan Quick with a rebound.
15:59 of 1st period - Shot by Troy Brouwer.
15:59 of 1st period - Stopped by Jonathan Quick without a rebound.
16:00 of 1st period - Anze Kopitar wins face-off versus Jamie Benn in Flames zone.
16:17 of 1st period - Icing by Raphael Diaz.
16:18 of 1st period - Mike Cammalleri wins face-off versus Jamie Benn in Jets zone.
16:25 of 1st period - Shot by Mike Cammalleri.
16:25 of 1st period - Stopped by Cory Schneider with a rebound.
16:45 of 1st period - Shot by Pascal Dupuis.
16:45 of 1st period - Shot Misses the Net.
17:07 of 1st period - Shot by Henrik Sedin.
17:07 of 1st period - Shot Misses the Net.
17:19 of 1st period - Shot by Henrik Sedin.
17:19 of 1st period - Shot Misses the Net.
17:35 of 1st period - Shot by Troy Brouwer.
17:35 of 1st period - Stopped by Jonathan Quick with a rebound.
17:37 of 1st period - Shot by Troy Brouwer.
17:37 of 1st period - Deflect By Patrick Sharp.
17:37 of 1st period - Stopped by Jonathan Quick without a rebound.
17:38 of 1st period - Joe Pavelski wins face-off versus Ryan Kesler in Flames zone.
17:52 of 1st period - Shot by Nicklas Grossmann.
17:52 of 1st period - Shot Misses the Net.
17:54 of 1st period - Shot by Matt Read.
17:54 of 1st period - Shot Misses the Net.
17:56 of 1st period - Shot by Jonathan Ericsson.
17:56 of 1st period - Goal by Jonathan Ericsson - Flames : 0 - Jets : 2.
17:57 of 1st period - Anze Kopitar wins face-off versus Jamie Benn in neutral zone.
18:10 of 1st period - Shot by Jaromir Jagr.
18:10 of 1st period - Shot Misses the Net.
18:12 of 1st period - Shot by Pascal Dupuis.
18:12 of 1st period - The goal is going for a video replay.
18:12 of 1st period - The goal is good.
18:12 of 1st period - Goal by Pascal Dupuis - Flames : 0 - Jets : 3.
18:13 of 1st period - Henrik Sedin wins face-off versus Ryan Kesler in neutral zone.
18:20 of 1st period - Shot by Patrick Sharp.
18:20 of 1st period - Shot Misses the Net.
18:28 of 1st period - Shot by Henrik Sedin.
18:28 of 1st period - Shot Misses the Net.
18:44 of 1st period - Shot by Bryce Salvador.
18:44 of 1st period - Shot Misses the Net.
18:46 of 1st period - Shot by Ryan Kesler.
18:46 of 1st period - Shot Misses the Net.
19:43 of 1st period - Shot by Anze Kopitar.
19:43 of 1st period - Shot Misses the Net.
19:45 of 1st period - Shot by Anze Kopitar.
19:45 of 1st period - Shot Blocked by Kimmo Timonen.
19:53 of 1st period - Shot by Jeff Skinner.
19:53 of 1st period - Stopped by Cory Schneider without a rebound.
19:54 of 1st period - Joe Pavelski wins face-off versus Shawn Horcoff in Jets zone.
Goals for this period are 0 for Flames vs 3 for Jets.
Shots for this period are 7 for Flames vs 12 for Jets.

2nd period


0:01 of 2nd period - Jamie Benn wins face-off versus Anze Kopitar in neutral zone.
1:09 of 2nd period - Shot by Michael Ryder.
1:09 of 2nd period - Stopped by Cory Schneider with a rebound.
1:39 of 2nd period - Shot by Ryan Kesler.
1:39 of 2nd period - Deflect By Michael Ryder.
1:39 of 2nd period - Shot Misses the Net.
2:21 of 2nd period - Matt Read is hit by Toni Lydman and loses puck.
2:27 of 2nd period - Icing by Erik Johnson.
2:28 of 2nd period - Jamie Benn wins face-off versus Shawn Horcoff in Flames zone.
2:34 of 2nd period - Icing by Toni Lydman.
2:35 of 2nd period - Shawn Horcoff wins face-off versus Jamie Benn in Flames zone.
2:46 of 2nd period - Shot by Pierre-Marc Bouchard.
2:46 of 2nd period - Stopped by Cory Schneider without a rebound.
2:47 of 2nd period - Ryan Kesler wins face-off versus Boyd Gordon in Jets zone.
2:47 of 2nd period - Ryan Kesler is hit by Kimmo Timonen.
3:00 of 2nd period - Icing by Raphael Diaz.
3:01 of 2nd period - Anze Kopitar wins face-off versus Boyd Gordon in Jets zone.
3:01 of 2nd period - Anze Kopitar is hit by Kimmo Timonen.
3:20 of 2nd period - Shot by Dustin Brown.
3:20 of 2nd period - Stopped by Cory Schneider without a rebound.
3:21 of 2nd period - Ryan Kesler wins face-off versus Jamie Benn in Jets zone.
3:21 of 2nd period - Ryan Kesler is hit by Jason Garrison.
3:23 of 2nd period - Shot by Michael Grabner.
3:23 of 2nd period - Stopped by Cory Schneider without a rebound.
3:24 of 2nd period - Jamie Benn wins face-off versus Ryan Kesler in Jets zone.
3:24 of 2nd period - Pascal Dupuis is hit by Ryan Kesler and loses puck.
3:34 of 2nd period - Off-side.
3:35 of 2nd period - Mike Cammalleri wins face-off versus Henrik Sedin in neutral zone.
4:12 of 2nd period - Shot by Henrik Sedin.
4:12 of 2nd period - Stopped by Jonathan Quick with a rebound.
5:24 of 2nd period - Ryan Kesler is hit by Jason Garrison and loses puck.
5:34 of 2nd period - Icing by Ron Hainsey.
5:35 of 2nd period - Shawn Horcoff wins face-off versus Jamie Benn in Jets zone.
5:39 of 2nd period - Icing by Jason Garrison.
5:40 of 2nd period - Ryan Kesler wins face-off versus Jamie Benn in Jets zone.
6:07 of 2nd period - Shot by Jonathan Ericsson.
6:07 of 2nd period - Stopped by Jonathan Quick without a rebound.
6:08 of 2nd period - Henrik Sedin wins face-off versus Shawn Horcoff in Flames zone.
6:18 of 2nd period - Off-side.
6:19 of 2nd period - Joe Pavelski wins face-off versus Anze Kopitar in neutral zone.
6:29 of 2nd period - Minor Penalty to Matt Read for Hooking.
6:30 of 2nd period - Boyd Gordon wins face-off versus Ryan Kesler in Jets zone.
6:50 of 2nd period - Off-side.
6:51 of 2nd period - Anze Kopitar wins face-off versus Boyd Gordon in neutral zone.
7:04 of 2nd period - Shot by Anze Kopitar.
7:04 of 2nd period - Shot Blocked by Jason Garrison.
7:06 of 2nd period - Shot by Jack Johnson.
7:06 of 2nd period - Stopped by Cory Schneider without a rebound.
7:07 of 2nd period - Ryan Kesler wins face-off versus Boyd Gordon in Jets zone.
7:18 of 2nd period - Shot by Toni Lydman.
7:18 of 2nd period - Goal by Toni Lydman - Flames : 1 - Jets : 3.
7:19 of 2nd period - Jamie Benn wins face-off versus Shawn Horcoff in neutral zone.
7:56 of 2nd period - Shot by Shawn Horcoff.
7:56 of 2nd period - Shot Blocked by Raphael Diaz.
7:59 of 2nd period - Icing by Kimmo Timonen.
8:00 of 2nd period - Ryan Kesler wins face-off versus Jamie Benn in Jets zone.
8:15 of 2nd period - Shot by Ryan Kesler.
8:15 of 2nd period - Shot Misses the Net.
8:33 of 2nd period - Shot by Jack Johnson.
8:33 of 2nd period - Shot Misses the Net.
8:35 of 2nd period - Shot by Michael Grabner.
8:35 of 2nd period - Shot Misses the Net.
9:09 of 2nd period - Shot by Anze Kopitar.
9:09 of 2nd period - Stopped by Cory Schneider without a rebound.
9:10 of 2nd period - Mike Cammalleri wins face-off versus Joe Pavelski in Jets zone.
10:13 of 2nd period - Shot by Jamie Benn.
10:13 of 2nd period - Shot Blocked by Jack Johnson.
10:23 of 2nd period - Shot by Anze Kopitar.
10:23 of 2nd period - Stopped by Cory Schneider without a rebound.
10:24 of 2nd period - Henrik Sedin wins face-off versus Ryan Kesler in Jets zone.
10:24 of 2nd period - Ron Hainsey is hit by Michael Ryder and loses puck.
10:43 of 2nd period - Shot by Troy Brouwer.
10:43 of 2nd period - Stopped by Jonathan Quick without a rebound.
10:44 of 2nd period - Jamie Benn wins face-off versus Anze Kopitar in Flames zone.
11:05 of 2nd period - Shot by Pascal Dupuis.
11:05 of 2nd period - Shot Misses the Net.
11:07 of 2nd period - Shot by Pascal Dupuis.
11:07 of 2nd period - Stopped by Jonathan Quick without a rebound.
11:08 of 2nd period - Shawn Horcoff wins face-off versus Henrik Sedin in Flames zone.
11:15 of 2nd period - Shot by Pierre-Marc Bouchard.
11:15 of 2nd period - Shot Blocked by Kimmo Timonen.
11:17 of 2nd period - Shot by Pierre-Marc Bouchard.
11:17 of 2nd period - Shot Blocked by Kimmo Timonen.
11:19 of 2nd period - Shot by Shawn Horcoff.
11:19 of 2nd period - Shot Blocked by Raphael Diaz.
11:29 of 2nd period - Shawn Horcoff is hit by Troy Brouwer and loses puck.
11:44 of 2nd period - Shot by Andrew MacDonald.
11:44 of 2nd period - Stopped by Cory Schneider without a rebound.
11:45 of 2nd period - Ryan Kesler wins face-off versus Joe Pavelski in Jets zone.
11:48 of 2nd period - Shot by Michael Ryder.
11:48 of 2nd period - Goal by Michael Ryder - Flames : 2 - Jets : 3.
11:49 of 2nd period - Boyd Gordon wins face-off versus Michael Ryder in neutral zone.
11:56 of 2nd period - Shot by Ryan Kesler.
11:56 of 2nd period - Shot Misses the Net.
11:58 of 2nd period - Shot by Ryan Kesler.
11:58 of 2nd period - Shot Misses the Net.
12:00 of 2nd period - Shot by Michael Grabner.
12:00 of 2nd period - Goal by Michael Grabner - Flames : 3 - Jets : 3.
12:01 of 2nd period - Henrik Sedin wins face-off versus Jeff Skinner in neutral zone.
12:10 of 2nd period - Shot by Troy Brouwer.
12:10 of 2nd period - Stopped by Jonathan Quick without a rebound.
12:11 of 2nd period - Jaromir Jagr wins face-off versus Ryan Kesler in Flames zone.
12:42 of 2nd period - Shot by Ryan Kesler.
12:42 of 2nd period - Shot Blocked by Ron Hainsey.
12:44 of 2nd period - Shot by Michael Ryder.
12:44 of 2nd period - Stopped by Cory Schneider without a rebound.
12:45 of 2nd period - Henrik Sedin wins face-off versus Anze Kopitar in Jets zone.
13:00 of 2nd period - Ladislav Smid is hit by Troy Brouwer and loses puck.
13:20 of 2nd period - Minor Penalty to Ladislav Smid for Hooking.
13:21 of 2nd period - Jamie Benn wins face-off versus Shawn Horcoff in Flames zone.
13:56 of 2nd period - Shot by Jamie Benn.
13:56 of 2nd period - Shot Misses the Net.
13:58 of 2nd period - Shot by Pascal Dupuis.
13:58 of 2nd period - Goal by Pascal Dupuis - Flames : 3 - Jets : 4.
13:59 of 2nd period - Henrik Sedin wins face-off versus Ryan Kesler in neutral zone.
14:08 of 2nd period - Shot by Patrick Sharp.
14:08 of 2nd period - Shot Misses the Net.
14:19 of 2nd period - Icing by Ladislav Smid.
14:20 of 2nd period - Ryan Kesler wins face-off versus Joe Pavelski in Flames zone.
14:20 of 2nd period - Ryan Kesler is hit by Matt Read.
14:45 of 2nd period - Michael Ryder is hit by David Schlemko and loses puck.
15:02 of 2nd period - Shot by Matt Read.
15:02 of 2nd period - Stopped by Jonathan Quick without a rebound.
15:03 of 2nd period - Shawn Horcoff wins face-off versus Henrik Sedin in Flames zone.
15:03 of 2nd period - Shawn Horcoff is hit by Troy Brouwer.
15:40 of 2nd period - Troy Brouwer is hit by Shawn Horcoff and loses puck.
15:54 of 2nd period - Icing by Raphael Diaz.
15:55 of 2nd period - Anze Kopitar wins face-off versus Henrik Sedin in Jets zone.
15:58 of 2nd period - Shot by Jeff Skinner.
15:58 of 2nd period - Shot Misses the Net.
16:00 of 2nd period - Shot by Toni Lydman.
16:00 of 2nd period - Shot Misses the Net.
16:12 of 2nd period - Shot by Dustin Brown.
16:12 of 2nd period - Shot Blocked by Troy Brouwer.
16:45 of 2nd period - Icing by Kimmo Timonen.
16:46 of 2nd period - Henrik Sedin wins face-off versus Mike Cammalleri in Jets zone.
16:46 of 2nd period - Patrick Sharp is hit by Ladislav Smid and loses puck.
16:59 of 2nd period - Troy Brouwer is hit by Mike Cammalleri.
17:23 of 2nd period - Shot by Pascal Dupuis.
17:23 of 2nd period - Stopped by Jonathan Quick without a rebound.
17:24 of 2nd period - Ryan Kesler wins face-off versus Boyd Gordon in Flames zone.
17:24 of 2nd period - Ryan Kesler is hit by Matt Cooke.
17:39 of 2nd period - Shot by Michael Ryder.
17:39 of 2nd period - Stopped by Cory Schneider without a rebound.
17:40 of 2nd period - Jaromir Jagr wins face-off versus Anze Kopitar in Jets zone.
17:55 of 2nd period - Shot by Erik Johnson.
17:55 of 2nd period - Stopped by Cory Schneider without a rebound.
17:56 of 2nd period - Joe Pavelski wins face-off versus Mike Cammalleri in Jets zone.
18:31 of 2nd period - Mike Cammalleri is hit by Nicklas Grossmann and loses puck.
Goals for this period are 3 for Flames vs 1 for Jets.
Shots for this period are 14 for Flames vs 8 for Jets.

3rd period


0:01 of 3rd period - Ryan Kesler wins face-off versus Jamie Benn in neutral zone.
0:27 of 3rd period - Icing by Raphael Diaz.
0:28 of 3rd period - Jamie Benn wins face-off versus Shawn Horcoff in Jets zone.
1:47 of 3rd period - Shot by Michael Grabner.
1:47 of 3rd period - Stopped by Cory Schneider without a rebound.
1:48 of 3rd period - Dustin Brown wins face-off versus Henrik Sedin in Jets zone.
1:50 of 3rd period - Anze Kopitar is hit by David Schlemko.
1:54 of 3rd period - Shot by Dustin Brown.
1:54 of 3rd period - Deflect By Anze Kopitar.
1:54 of 3rd period - Shot Blocked by Jonathan Ericsson.
2:04 of 3rd period - David Schlemko is hit by Dustin Brown and loses puck.
2:19 of 3rd period - Shot by Anze Kopitar.
2:19 of 3rd period - Stopped by Cory Schneider with a rebound.
2:38 of 3rd period - Double Minor Penalty to Pascal Dupuis for Boarding.
2:39 of 3rd period - Ryan Kesler wins face-off versus Boyd Gordon in Jets zone.
3:04 of 3rd period - Shot by Jack Johnson.
3:04 of 3rd period - Shot Misses the Net.
3:06 of 3rd period - Shot by Michael Grabner.
3:06 of 3rd period - Stopped by Cory Schneider without a rebound.
3:07 of 3rd period - Boyd Gordon wins face-off versus Anze Kopitar in Jets zone.
3:07 of 3rd period - Boyd Gordon is hit by Dustin Brown.
4:10 of 3rd period - Icing by Michael Ryder.
4:11 of 3rd period - Boyd Gordon wins face-off versus Ryan Kesler in Flames zone.
5:24 of 3rd period - Shot by Toni Lydman.
5:24 of 3rd period - Shot Misses the Net.
5:26 of 3rd period - Shot by Erik Johnson.
5:26 of 3rd period - Stopped by Cory Schneider without a rebound.
5:27 of 3rd period - Joe Pavelski wins face-off versus Anze Kopitar in Jets zone.
5:48 of 3rd period - Shot by Jeff Skinner.
5:48 of 3rd period - Shot Misses the Net.
5:50 of 3rd period - Shot by Andrew MacDonald.
5:50 of 3rd period - Stopped by Cory Schneider without a rebound.
5:51 of 3rd period - Ryan Kesler wins face-off versus Boyd Gordon in Jets zone.
6:36 of 3rd period - Shot by Andrew MacDonald.
6:36 of 3rd period - Stopped by Cory Schneider without a rebound.
6:37 of 3rd period - Anze Kopitar wins face-off versus Boyd Gordon in Jets zone.
7:09 of 3rd period - Shot by Kimmo Timonen.
7:09 of 3rd period - Stopped by Jonathan Quick without a rebound.
7:10 of 3rd period - Henrik Sedin wins face-off versus Mike Cammalleri in Flames zone.
7:11 of 3rd period - Shot by Troy Brouwer.
7:11 of 3rd period - Shot Misses the Net.
7:30 of 3rd period - Icing by Ron Hainsey.
7:31 of 3rd period - Ryan Kesler wins face-off versus Henrik Sedin in Jets zone.
7:44 of 3rd period - Ron Hainsey is hit by Michael Ryder and loses puck.
8:17 of 3rd period - Off-side.
8:18 of 3rd period - Jamie Benn wins face-off versus Anze Kopitar in neutral zone.
8:23 of 3rd period - Shot by Jamie Benn.
8:23 of 3rd period - Deflect By Pascal Dupuis.
8:23 of 3rd period - Shot Misses the Net.
8:25 of 3rd period - Shot by Jaromir Jagr.
8:25 of 3rd period - Stopped by Jonathan Quick without a rebound.
8:26 of 3rd period - Joe Pavelski wins face-off versus Anze Kopitar in Flames zone.
8:46 of 3rd period - Icing by Raphael Diaz.
8:47 of 3rd period - Joe Pavelski wins face-off versus Shawn Horcoff in Jets zone.
9:19 of 3rd period - Shot by Ladislav Smid.
9:19 of 3rd period - Stopped by Cory Schneider without a rebound.
9:20 of 3rd period - Jamie Benn wins face-off versus Ryan Kesler in Jets zone.
9:47 of 3rd period - Shot by Pascal Dupuis.
9:47 of 3rd period - Shot Blocked by Bryce Salvador.
9:49 of 3rd period - Shot by Jason Garrison.
9:49 of 3rd period - Stopped by Jonathan Quick with a rebound.
10:05 of 3rd period - Shot by Pascal Dupuis.
10:05 of 3rd period - Stopped by Jonathan Quick without a rebound.
10:06 of 3rd period - Anze Kopitar wins face-off versus Henrik Sedin in Flames zone.
10:23 of 3rd period - Shot by Dustin Brown.
10:23 of 3rd period - Stopped by Cory Schneider without a rebound.
10:24 of 3rd period - Joe Pavelski wins face-off versus Radek Dvorak in Jets zone.
10:24 of 3rd period - Joe Pavelski is hit by Mike Cammalleri.
10:41 of 3rd period - Kimmo Timonen is hit by Radek Dvorak and loses puck.
11:22 of 3rd period - Minor Penalty to Mike Cammalleri for Hooking.
11:23 of 3rd period - Shawn Horcoff wins face-off versus Henrik Sedin in Flames zone.
11:23 of 3rd period - Shawn Horcoff is hit by Troy Brouwer.
11:41 of 3rd period - Shot by Ron Hainsey.
11:41 of 3rd period - Shot Misses the Net.
11:42 of 3rd period - Minor Penalty to Troy Brouwer for Delaying the game.
11:43 of 3rd period - Ryan Kesler wins face-off versus Jamie Benn in Jets zone.
11:56 of 3rd period - Shot by Ryan Kesler.
11:56 of 3rd period - Stopped by Cory Schneider without a rebound.
11:57 of 3rd period - Anze Kopitar wins face-off versus Henrik Sedin in Jets zone.
12:00 of 3rd period - Shot by Anze Kopitar.
12:00 of 3rd period - Shot Misses the Net.
12:02 of 3rd period - Shot by Andrew MacDonald.
12:02 of 3rd period - Shot Misses the Net.
12:04 of 3rd period - Shot by Anze Kopitar.
12:04 of 3rd period - Shot Misses the Net.
12:06 of 3rd period - Shot by Andrew MacDonald.
12:06 of 3rd period - Stopped by Cory Schneider with a rebound.
12:08 of 3rd period - Shot by Dustin Brown.
12:08 of 3rd period - Stopped by Cory Schneider without a rebound.
12:09 of 3rd period - Ryan Kesler wins face-off versus Henrik Sedin in Jets zone.
12:10 of 3rd period - Shot by Michael Ryder.
12:10 of 3rd period - Shot Blocked by Ron Hainsey.
12:12 of 3rd period - Shot by Ladislav Smid.
12:12 of 3rd period - Stopped by Cory Schneider without a rebound.
12:13 of 3rd period - Henrik Sedin wins face-off versus Anze Kopitar in Jets zone.
12:33 of 3rd period - Icing by Kimmo Timonen.
12:34 of 3rd period - Ryan Kesler wins face-off versus Henrik Sedin in Jets zone.
12:41 of 3rd period - Shot by Ryan Kesler.
12:41 of 3rd period - Stopped by Cory Schneider without a rebound.
12:42 of 3rd period - Ryan Kesler wins face-off versus Jamie Benn in Jets zone.
13:03 of 3rd period - Shot by Ryan Kesler.
13:03 of 3rd period - Stopped by Cory Schneider without a rebound.
13:04 of 3rd period - Henrik Sedin wins face-off versus Anze Kopitar in Jets zone.
13:04 of 3rd period - Henrik Sedin is hit by Dustin Brown.
13:11 of 3rd period - Henrik Sedin is hit by Dustin Brown and loses puck.
13:24 of 3rd period - Shot by Michael Grabner.
13:24 of 3rd period - Stopped by Cory Schneider without a rebound.
13:25 of 3rd period - Boyd Gordon wins face-off versus Ryan Kesler in Jets zone.
13:43 of 3rd period - Jonathan Ericsson is hit by Bryce Salvador and loses puck.
14:04 of 3rd period - Shot by Henrik Sedin.
14:04 of 3rd period - Stopped by Jonathan Quick without a rebound.
14:05 of 3rd period - Ryan Kesler wins face-off versus Jamie Benn in Flames zone.
14:05 of 3rd period - Ryan Kesler is hit by Jamie Benn.
14:32 of 3rd period - Jaromir Jagr is hit by Ladislav Smid and loses puck.
14:37 of 3rd period - Shot by Pascal Dupuis.
14:37 of 3rd period - Shot Misses the Net.
14:39 of 3rd period - Shot by Jaromir Jagr.
14:39 of 3rd period - Shot Misses the Net.
14:41 of 3rd period - Shot by Jason Garrison.
14:41 of 3rd period - Stopped by Jonathan Quick without a rebound.
14:42 of 3rd period - Henrik Sedin wins face-off versus Anze Kopitar in Flames zone.
15:05 of 3rd period - Shot by Anze Kopitar.
15:05 of 3rd period - Shot Blocked by Raphael Diaz.
15:45 of 3rd period - Bryce Salvador is hit by Matt Cooke and loses puck.
16:09 of 3rd period - Minor Penalty to Nicklas Grossmann for Tripping.
16:10 of 3rd period - Boyd Gordon wins face-off versus Ryan Kesler in Jets zone.
16:16 of 3rd period - Icing by Erik Johnson.
16:17 of 3rd period - Ryan Kesler wins face-off versus Boyd Gordon in Flames zone.
16:54 of 3rd period - Kimmo Timonen is hit by Michael Ryder and loses puck.
17:21 of 3rd period - Shot by Andrew MacDonald.
17:21 of 3rd period - Stopped by Cory Schneider without a rebound.
17:22 of 3rd period - Boyd Gordon wins face-off versus Anze Kopitar in Jets zone.
18:10 of 3rd period - Anze Kopitar is hit by Jamie Benn and loses puck.
18:21 of 3rd period - Pascal Dupuis is hit by Pierre-Marc Bouchard.
18:29 of 3rd period - Shot by Tomas Kopecky.
18:29 of 3rd period - Stopped by Cory Schneider without a rebound.
18:30 of 3rd period - Henrik Sedin wins face-off versus Ryan Kesler in Jets zone.
18:40 of 3rd period - Off-side.
18:41 of 3rd period - Jamie Benn wins face-off versus Shawn Horcoff in neutral zone.
18:54 of 3rd period - Shot by Pascal Dupuis.
18:54 of 3rd period - Deflect By Jaromir Jagr.
18:54 of 3rd period - Shot Misses the Net.
19:20 of 3rd period - Shot by Jamie Benn.
19:20 of 3rd period - Shot Misses the Net.
19:22 of 3rd period - Shot by Jamie Benn.
19:22 of 3rd period - Stopped by Jonathan Quick with a rebound.
19:24 of 3rd period - Shot by Ron Hainsey.
19:24 of 3rd period - Shot Misses the Net.
Goals for this period are 0 for Flames vs 0 for Jets.
Shots for this period are 17 for Flames vs 7 for Jets.


Output by the SimonT Hockey Simulator (STHS) for Stephane Roy -- Original Page W3C XHTML 1.0 Valid
Hockey Simulator - Hockey Simulation - Hockey Manager